 Dungeon Crawl Stone Soup version 0.28-a0-502-g6c43a8f463 (webtiles) character file.

Game seed: 10807883439036501824

24948 Welzeim the Grappler (level 12, -47/129 HPs)
             Began as a Troll Fighter on Sept 20, 2021.
             Was a Believer of Ru.
             Annihilated by a white ugly thing (48 damage)
             ... in an ice cave.
             The game lasted 00:37:52 (9653 turns).

Welzeim the Grappler (Troll Fighter)                Turns: 9653, Time: 00:37:53

Health: -47/129    AC: 24    Str: 30    XL:     12   Next: 85%
Magic:  14/14      EV:  8    Int:  9    God:    Ru [**....]
Gold:   862        SH:  0    Dex: 10    Spells: 11/11 levels left

rFire   + . .      SeeInvis +     - Unarmed
rCold   x . .      Faith    .   b - +1 kite shield
rNeg    . . .      Spirit   .   d - +6 storm dragon scales
rPois   .          Reflect  .   h - +2 hat {SInv}
rElec   +          Harm     .   l - +0 cloak
rCorr   .          Rampage  .   (gloves unavailable)
Will    .....                   (boots unavailable)
Stlth   ..........              (no amulet)
HPRegen 1.31/turn               a - +4 ring of evasion
MPRegen 0.14/turn               q - ring of Qiown {Fire Int+5}

@: confused, ambrosia-drunk, constricted
A: large, unfitting armour, claws 3, regeneration 1, screaming 1, shaggy fur 1,
tough skin 1, inability to use devices, robust 1, wild magic 1
a: Renounce Religion


You were in an ice cave.
You worshipped Ru.
Ru was pleased with you.
You visited 3 branches of the dungeon, and saw 13 of its levels.
You also visited: Sewer and Ice Cave.

You collected 1134 gold pieces.
You spent 255 gold pieces at shops.
You donated 17 gold pieces to Zin.

Inventory:

Hand Weapons
 v - the +9 long sword of the Key {pain, +Blink Will- rCorr SInv}
   (You bought it in a shop on level 11 of the Dungeon)

   In the hands of one skilled in necromantic magic, it inflicts extra damage on
   living creatures.
   SInv:      It lets you see invisible.
   +Blink:    It lets you blink.
   rCorr:     It protects you from acid and corrosion.
   Will:      It decreases your willpower.
 w - a +1 demon trident
Missiles
 f - 4 throwing nets (quivered)
Armour
 b - a +1 kite shield (worn)
 d - +6 storm dragon scales (worn)
 e - a +0 tower shield
 h - a +2 hat of see invisible (worn)
 l - a +0 cloak (worn)
 t - the +1 robe of Syndicalism {Will+ Dex+3}
   (You found it on level 7 of the Dungeon)

   Dex:       It affects your dexterity (+3).
   Will:      It increases your willpower.
Jewellery
 a - a +4 ring of evasion (left claw)
 p - a ring of see invisible
 q - the ring of Qiown (right claw) {Fire Int+5}
   (You found it on level 6 of the Dungeon)

   [ring of fire]

   It enhances your fire magic.
   Int:       It affects your intelligence (+5).
   rF:        It protects you from fire.
   rC:        It makes you vulnerable to cold.
Scrolls
 o - a scroll of teleportation
Potions
 c - 2 potions of magic
 i - 3 potions of brilliance
 j - 2 potions of degeneration {unknown}
 k - 3 potions of curing
 m - a potion of cancellation
 n - 2 potions of attraction
 r - 2 potions of lignification
 s - a potion of flight
 u - 2 potions of might
 x - a potion of haste
 z - a potion of heal wounds {unknown}


   Skills:
 * Level 7.0 Fighting
 + Level 1.3 Polearms
 * Level 7.9 Armour
 - Level 2.4 Dodging
 - Level 0.1 Stealth
 + Level 6.8 Shields
 * Level 14.9 Unarmed Combat
 * Level 5.2 Invocations


You had 11 spell levels left.
You didn't know any spells.
Your spell library contained the following spells:

 Spells                   Type           Power      Damage    Failure   Level
 Magic Dart               Conj           0%         1d3       97%         1
 Sting                    Tmut/Pois      0%         1d3       97%         1
 Summon Small Mammal      Summ           0%         N/A       97%         1
 Poisonous Vapours        Pois/Air       0%         N/A       99%         2
 Slow                     Hex            0%         N/A       99%         2
 Sublimation of Blood     Necr           0%         N/A       99%         2
 Wereblood                Tmut           0%         N/A       99%         2
 Call Canine Familiar     Summ           0%         N/A       100%        3
 Confusing Touch          Hex            0%         N/A       100%        3
 Summon Guardian Golem    Hex/Summ       0%         N/A       100%        3
 Vampiric Draining        Necr           0%         2d6       100%        3
 Animate Armour           Summ/Erth      0%         N/A       100%        4
 Flame Wave               Conj/Fire      0%         3d3       100%        4
 Ice Form                 Ice/Tmut       0%         N/A       100%        4
 Olgreb's Toxic Radiance  Pois           0%         N/A       100%        4
 Petrify                  Tmut/Erth      0%         N/A       100%        4
 Blade Hands              Tmut           0%         N/A       100%        5
 Metabolic Englaciation   Hex/Ice        0%         N/A       100%        5
 Iron Shot                Conj/Erth      0%         9d1       100%        6
 Statue Form              Tmut/Erth      0%         N/A       100%        6
 Summon Hydra             Summ           0%         N/A       100%        7


Dungeon Overview and Level Annotations

Branches:
Dungeon (11/15)            Temple (1/1) D:6            Lair (1/6) D:10
  Sewer (visited)           IceCv (1/1)
    Orc: D:9-12

Altars:
Ashenzari
Cheibriados
Dithmenos
Elyvilon
Fedhas
Gozag
Hepliaklqana
Kikubaaqudgha
Makhleb
Nemelex Xobeh
Okawaru
Qazlal
Ru
Sif Muna
Trog
Uskayaw
Vehumet
Wu Jian
Xom
Yredelemnul
Zin
The Shining One

Shops:
D:8 :   D:11 *


Innate Abilities, Weirdness & Mutations

You are too large for most types of armour.
You have claws for hands.
Your natural rate of healing is unusually fast.
You occasionally shout uncontrollably at your foes.
You are covered in fur. (AC +1)
You have tough skin. (AC +1)
You cannot study or use magical devices.
You are robust. (+10% HP)
Your spells are a little harder to cast, but a little more powerful.


Message History

You mangle the white ugly thing!!
The white ugly thing is moderately wounded.
The white ugly thing is engulfed in freezing vapours.
The white ugly thing headbutts you. The white ugly thing freezes you!!!
You feel a terrible chill!
* * * LOW HITPOINT WARNING * * *
The white ugly thing is engulfed in freezing vapours.
It was a potion of ambrosia.
You are confused.
You feel invigorated.
The white ugly thing headbutts you but does no damage.
You are too confused!
You closely miss the white ugly thing.
The white ugly thing is heavily wounded.
The anaconda simulacrum grabs you.
The anaconda simulacrum barely misses you.
The anaconda simulacrum constricts you.
* * * LOW HITPOINT WARNING * * *
You're too confused to move!
The anaconda simulacrum bites you but does no damage.
The anaconda simulacrum constricts you.
The white ugly thing is stunned by your conviction and fails to attack.
The anaconda simulacrum bites you but does no damage.
The anaconda simulacrum constricts you.
* * * LOW HITPOINT WARNING * * *
The white ugly thing headbutts you but does no damage.
You're too confused to move!
The anaconda simulacrum is stunned by your conviction and fails to attack.
The anaconda simulacrum constricts you. The entropy weaver simulacrum hits you.
* * * LOW HITPOINT WARNING * * *
The entropy weaver simulacrum freezes you!!
You feel a terrible chill!
* * * LOW HITPOINT WARNING * * *
The entropy weaver simulacrum hits you but does no damage.
The entropy weaver simulacrum closely misses you.
The entropy weaver simulacrum hits you but does no damage.
The white ugly thing headbutts you.
* * * LOW HITPOINT WARNING * * *
The white ugly thing freezes you!!!
You feel a terrible chill!
You die...

#### ############# #
$!..# ##.....#(/...## ##
.....###......#......###.
......#Z......#.......#..
.......u@................
......#Z......#.......#..
..... ##......#[.....###.
!?.. ##.....#.(...## ##
### ############# #


You could see a white ugly thing, an anaconda simulacrum and an entropy weaver
simulacrum.

Vanquished Creatures
  Gastronok (D:11)
  Harold (D:9)
  A hydra (D:11)
  Erica (D:10)
  4 centaur warriors
  3 death yaks (D:10)
  Urug (D:10)
  The ghost of Dabor the Skirmisher, a novice DsCK of Xom (D:6)
  A deep elf pyromancer (D:10)
  Pikel (D:6)
  A cyclops (D:8)
  A manticore (D:11)
  A black mamba (Lair:1)
  3 ice statues (IceCv)
  A cane toad (Lair:1)
  A gargoyle (D:11)
  4 kobold demonologists
  A rime drake (Lair:1)
  A komodo dragon (Lair:1)
  2 ice devils (D:11)
  A freezing wraith (IceCv)
  A troll (D:11)
  Prince Ribbit (D:6)
  Grinder (D:6)
  A hornet (D:7)
  2 shadows (D:10)
  2 wyverns
  12 yaks
  3 vampire mosquitoes (D:7)
  Menkaure (D:5)
  2 death yak simulacra (IceCv)
  An acid dragon (D:9)
  3 water moccasins
  Duvessa (D:6)
  Purgy (Sewer)
  6 orc warriors
  An ogre (D:6)
  2 necrophages
  8 centaurs
  A phantom (D:7)
  3 lemures (D:6)
  20 kobold brigands
  7 bullfrogs
  A wyvern zombie (D:8)
  2 gnoll sergeants
  2 scorpions (D:6)
  A cane toad simulacrum (IceCv)
  Dowan (D:6)
  An elephant simulacrum (IceCv)
  9 wights
  A howler monkey (D:6)
  6 centaur zombies
  2 gnoll shamans (D:6)
  5 orc priests
  7 hounds
  2 jellies (D:5)
  A bullfrog skeleton (D:6)
  An iguana (D:4)
  7 orc wizards
  A polar bear simulacrum (IceCv)
  2 hound skeletons (D:4)
  A howler monkey zombie (D:9)
  12 gnolls
  3 river rats (D:3)
  11 adders
  5 white imps
  An ufetubus (D:6)
  An adder skeleton (D:5)
  An adder zombie (D:5)
  4 worms
  3 dart slugs
  33 orcs
  6 bats
  8 endoplasms
  4 giant cockroaches
  4 goblins
  7 hobgoblins
  4 jackals
  5 quokkas
  10 ball pythons
  9 frilled lizards
  23 kobolds
  5 rats
324 creatures vanquished.

Vanquished Creatures (collateral kills)
  A quokka (D:3)
  A bat (D:3)
2 creatures vanquished.

Vanquished Creatures (others)
  A plant (D:8)
1 creature vanquished.

Grand Total: 327 creatures vanquished

Notes
Turn   | Place    | Note
-------+----------+-------------------------------------------
     0 | D:1      | Welzeim the Troll Fighter began the quest for the Orb.
     0 | D:1      | Reached XP level 1. HP: 22/22 MP: 0/0
   226 | D:1      | Reached XP level 2. HP: 29/29 MP: 1/1
   549 | D:1      | Found a faded altar of an unknown god.
   555 | D:1      | Reached XP level 3. HP: 37/37 MP: 2/2
  1069 | D:2      | Reached skill level 3 in Unarmed Combat
  1069 | D:2      | Reached XP level 4. HP: 41/45 MP: 3/3
  1267 | D:3      | Identified a scroll of acquirement
  1275 | D:3      | Acquired +0 storm dragon scales
  1426 | D:3      | Found a glowing drain.
  1430 | D:3      | Reached XP level 5. HP: 51/53 MP: 4/4
  1434 | Sewer    | Entered a sewer
  1489 | Sewer    | Noticed Purgy
  1504 | Sewer    | Killed Purgy
  1505 | Sewer    | Reached skill level 4 in Unarmed Combat
  1669 | D:3      | Found a burning altar of Makhleb.
  1671 | D:3      | Noticed a cacodemon
  1675 | D:3      | Noticed a neqoxec
  1675 | D:3      | Noticed a smoke demon
  1774 | D:3      | Found an opulent altar of Gozag.
  2128 | D:3      | Reached XP level 6. HP: 59/61 MP: 5/5
  2132 | D:3      | Reached skill level 1 in Armour
  2410 | D:4      | Reached skill level 5 in Unarmed Combat
  2824 | D:5      | Entered Level 5 of the Dungeon
  2926 | D:5      | Reached XP level 7. HP: 67/67 MP: 6/6
  3160 | D:5      | Reached skill level 6 in Unarmed Combat
  3317 | D:5      | Noticed Menkaure
  3330 | D:5      | Killed Menkaure
  3337 | D:5      | Found a white marble altar of Elyvilon.
  3613 | D:5      | Gained mutation: You occasionally shout uncontrollably at
                  | your foes. [potion of mutation]
  3613 | D:5      | Gained mutation: You passively map a small area around you.
                  | [potion of mutation]
  3613 | D:5      | Gained mutation: You tend to lose your temper in combat.
                  | [potion of mutation]
  3614 | D:5      | Lost mutation: You occasionally shout uncontrollably at
                  | your foes. [potion of mutation]
  3614 | D:5      | Lost mutation: You tend to lose your temper in combat.
                  | [potion of mutation]
  3614 | D:5      | Gained mutation: You are partially covered in iridescent
                  | scales. (AC +2) [potion of mutation]
  3633 | D:6      | Noticed Duvessa
  3633 | D:6      | Noticed Dowan
  3639 | D:6      | Killed Duvessa
  3640 | D:6      | Reached skill level 7 in Unarmed Combat
  3640 | D:6      | Reached XP level 8. HP: 78/78 MP: 7/7
  3649 | D:6      | Killed Dowan
  3687 | D:6      | Identified the ring of Qiown {Fire Int+5}
  3720 | D:6      | Noticed Grinder
  3744 | D:6      | Paralysed by Grinder for 2 turns
  3764 | D:6      | Killed Grinder
  3765 | D:6      | Reached skill level 8 in Unarmed Combat
  3816 | D:6      | Noticed Pikel
  3827 | D:6      | Killed Pikel
  3828 | D:6      | Reached skill level 9 in Unarmed Combat
  3828 | D:6      | Reached XP level 9. HP: 85/85 MP: 8/8
  4098 | D:6      | Found a staircase to the Ecumenical Temple.
  4105 | Temple   | Entered the Ecumenical Temple
  4434 | Temple   | Became a worshipper of Zin the Law-Giver
  4434 | Temple   | Reached * piety under Zin
  4546 | D:6      | Found a runed translucent gate.
  4546 | D:6      | Found a runed translucent gate.
  4546 | D:6      | Found a runed translucent gate.
  4547 | D:6      | Noticed Dabor's ghost (novice DsCK)
  4594 | D:6      | Killed Dabor's ghost
  4595 | D:6      | Reached skill level 10 in Unarmed Combat
  4599 | D:6      | Paralysed by a kobold brigand for 2 turns
  4624 | D:6      | Reached skill level 5 in Fighting
  4712 | D:6      | Noticed Prince Ribbit
  4717 | D:6      | Found a sacrificial altar of Ru.
  4746 | D:6      | Killed Prince Ribbit
  4790 | D:6      | Reached XP level 10. HP: 96/96 MP: 9/9
  4829 | D:6      | Reached skill level 5 in Shields
  4841 | D:6      | Reached skill level 11 in Unarmed Combat
  4852 | D:6      | Fell from the grace of Zin
  4852 | D:6      | Became a worshipper of Ru the Awakened
  5021 | D:7      | Identified the +1 robe of Syndicalism {Will+ Dex+3}
  5030 | D:7      | Acquired 613 gold pieces
  5278 | D:7      | Reached skill level 1 in Invocations
  5409 | D:7      | Lost mutation: You are partially covered in iridescent
                  | scales. (AC +2) [potion of mutation]
  5409 | D:7      | Lost mutation: You passively map a small area around you.
                  | [potion of mutation]
  5409 | D:7      | Gained mutation: Your spells are a little harder to cast,
                  | but a little more powerful. [potion of mutation]
  5410 | D:7      | Lost mutation: Your spells are a little harder to cast, but
                  | a little more powerful. [potion of mutation]
  5410 | D:7      | Gained mutation: You are robust. (+10% HP) [potion of
                  | mutation]
  5410 | D:7      | Gained mutation: Your spells are a little harder to cast,
                  | but a little more powerful. [potion of mutation]
  5424 | D:7      | Found a snail-covered altar of Cheibriados.
  5674 | D:8      | Noticed a centaur warrior
  5764 | D:8      | Noticed a cyclops
  5776 | D:7      | Killed a centaur warrior
  5777 | D:7      | Reached skill level 5 in Armour
  5800 | D:8      | Noticed a centaur warrior
  5903 | D:7      | Killed a centaur warrior
  5904 | D:7      | Reached skill level 12 in Unarmed Combat
  5966 | D:8      | Killed a cyclops
  5982 | D:8      | Found Cuenom's Book Boutique.
  5996 | D:8      | Gained mutation: You cannot study or use magical devices.
                  | [Ru sacrifice]
  5996 | D:8      | Reached * piety under Ru
  5996 | D:8      | Reached ** piety under Ru
  6174 | D:8      | Found a bloodstained altar of Trog.
  6418 | D:8      | Reached XP level 11. HP: 99/115 MP: 11/11
  6899 | D:9      | Noticed Harold
  6920 | D:9      | Killed Harold
  7236 | D:9      | Noticed a centaur warrior
  7246 | D:9      | Killed a centaur warrior
  7324 | D:9      | Reached skill level 13 in Unarmed Combat
  7723 | D:10     | Entered Level 10 of the Dungeon
  7818 | D:10     | Noticed Erica
  7843 | D:10     | Killed Erica
  7961 | D:10     | Noticed a death yak
  7970 | D:10     | Killed a death yak
  7972 | D:10     | Found a staircase to the Lair.
  8008 | D:10     | Gained mutation: You occasionally shout uncontrollably at
                  | your foes. [Ru sacrifice]
  8113 | D:10     | Noticed a deep elf pyromancer
  8125 | D:10     | Killed a deep elf pyromancer
  8132 | D:10     | Noticed a death yak
  8134 | D:10     | Noticed a death yak
  8138 | D:10     | Killed a death yak
  8154 | D:10     | Killed a death yak
  8162 | D:10     | Reached XP level 12. HP: 73/126 MP: 12/14
  8213 | D:10     | Got the Guide on Hurtful Moulding
  8320 | D:10     | Noticed Urug
  8331 | D:10     | Killed Urug
  8477 | Lair:1   | Entered Level 1 of the Lair of Beasts
  8484 | Lair:1   | Reached skill level 14 in Unarmed Combat
  8492 | Lair:1   | Found a basalt altar of Yredelemnul.
  8618 | Lair:1   | Noticed an eight-headed hydra
  8976 | D:11     | Noticed Gastronok
  9009 | D:11     | Killed Gastronok
  9221 | D:11     | Noticed a four-headed hydra
  9237 | D:11     | Killed a four-headed hydra
  9285 | D:11     | Found Fepivema's Assorted Antiques.
  9294 | D:11     | Bought a masterwork long sword for 255 gold pieces
  9294 | D:11     | Identified the +9 long sword of the Key {pain, +Blink Will-
                  | rCorr SInv} (You bought it in a shop on level 11 of the
                  | Dungeon)
  9338 | D:11     | Noticed a centaur warrior
  9347 | D:11     | Killed a centaur warrior
  9348 | D:11     | Reached skill level 5 in Invocations
  9377 | D:11     | Found a frozen archway.
  9401 | D:11     | Reached skill level 1 in Polearms
  9404 | IceCv    | Entered an ice cave
  9653 | IceCv    | HP: 3/129 [entropy weaver simulacrum (19)]
  9653 | IceCv    | HP: 1/129 [white ugly thing (2)]
  9653 | IceCv    | Annihilated by a white ugly thing

Illustrated notes

Levels and vault maps discovered:
D:1:      dpeg_arrival_castle, layout_rooms, ebering_ecumenical_altar_mist,
          minmay_tall_x
D:2:      layout_rooms, minivault_26
D:3:      layout_loops_ring, makhleb_altar_promises_db,
          nicolae_gozag_seed_capital, portal_sewer_entry_e,
          small_statue_intersection, minmay_crystal_room, minmay_misc_feat_chi
D:4:      layout_loops_ring
D:5:      layout_loops_ring, nicolae_elyvilon_peaceful_grove, uniq_menkaure
D:6:      layout_rooms, nicolae_ru_great_annihilating_truth,
          minmay_temple_entry_nine_rooms, gammafunk_ghost_nasty_kobolds,
          uniq_pikel, uniq_prince_ribbit1, uniq_duvessa, uniq_grinder
D:7:      layout_loops_ring, mainiacjoe_overflow_six_doors_small
D:8:      cheibrodos_fzero, layout_gridville, mainiacjoe_overflow_boulevard,
          special_room [special_room_kobold], serial_shops, shop
D:9:      layout_basic, uniq_harold
D:10:     layout_irregular_city, dpeg_lair_monsters, uniq_urug, uniq_erica
D:11:     layout_basic, portal_ice_cave_demonic_guard, serial_shops,
          nicolae_shop_temple_entry_statues_fountains, uniq_gastronok
Temple:   eino_temple_rhombus
Lair:1:   layout_gridlike, basic_altar, guppyfry_lair_drakes
IceCv:    ice_cave_statue_garden_chambered

Skill      XL: |  1  2  3  4  5  6  7  8  9 10 11 12 |
---------------+-------------------------------------+-----
Fighting       | 3 4 5 6 7 |  7.0
Unarmed Combat | 3 4 5 7 9 10 12 13 14 | 14.9
Shields        | 3 4 5 6 |  6.8
Armour         | 1 2 3 4 5 6 7 |  7.9
Invocations    | 2 4 5 |  5.2
Polearms       | 1 |  1.3
Dodging        | |  2.4
Stealth        | |  0.1

Action                   |  1- 3 |  4- 6 |  7- 9 | 10-12 || total
-------------------------+-------+-------+-------+-------++-------
Melee: Unarmed           |   157 |   178 |   242 |   644 ||  1221
       Demon trident     |       |       |       |    11 ||    11
Invok: Sacrifice Artific |       |       |       |     1 ||     1
       Sacrifice Purity  |       |       |       |     1 ||     1
  Use: Scroll            |       |    12 |     2 |    20 ||    34
       Potion            |       |       |     5 |     5 ||    10
 Stab: Distracted        |       |       |       |     1 ||     1
Armor: Robe              |    54 |     5 |       |       ||    59
       Storm dragon scal |       |   108 |   115 |   441 ||   664
       Skin              |       |       |     5 |       ||     5
Dodge: Dodged            |    71 |    54 |    67 |   269 ||   461
Block: Kite shield       |    64 |    93 |    77 |   366 ||   600

Table legend: (Time is in decaauts)
 A = Elapsed time spent in this place.
 B = Non-inter-level travel time spent in this place.
 C = Inter-level travel time spent in this place.
 D = Time resting spent in this place.
 E = Time spent auto-exploring this place.
 F = Levels seen in this place.
 G = Mean time per level.
                   A        B        C        D        E       F      G
               +--------+--------+--------+--------+--------+-----+--------+
         Total |   9604 |   9199 |    405 |      0 |   5532 |  15 |  640.3 |
       Dungeon |   8368 |   8190 |    178 |      0 |   5017 |  11 |  760.7 |
        Temple |    386 |    159 |    227 |      0 |    132 |   1 |  386.0 |
          Lair |    436 |    436 |      0 |      0 |    195 |   1 |  436.0 |
         Sewer |    172 |    172 |      0 |      0 |     93 |   1 |  172.0 |
      Ice Cave |    239 |    239 |      0 |      0 |     94 |   1 |  239.0 |
               +--------+--------+--------+--------+--------+-----+--------+

Top non-repeatable levels by time:
     D:8: 978 daAuts
     D:6: 934 daAuts
     D:7: 902 daAuts
     D:3: 855 daAuts
     D:5: 810 daAuts
     D:9: 795 daAuts
    D:10: 795 daAuts
     D:1: 758 daAuts
     D:4: 650 daAuts
     D:2: 464 daAuts
  Lair:1: 436 daAuts
    D:11: 421 daAuts
  Temple: 386 daAuts
   IceCv: 239 daAuts
   Sewer: 172 daAuts
